 Dungeon Crawl Stone Soup version 0.30.1 (webtiles) character file.

Game seed: 7002525129460181367

89 DemonSlayer the Digger (level 4, -4/30 HPs)
             Began as a Demonspawn Earth Elementalist on July 9, 2023.
             Killed from afar by Natasha (7 damage)
             ... with a magic dart
             ... on level 3 of the Dungeon.
             The game lasted 00:05:09 (2734 turns).

DemonSlayer the Digger (DsEE)                       Turns: 2734, Time: 00:05:10

Health: -4/30      AC:  5    Str:  9    XL:     4   Next: 31%
Magic:  15/17      EV: 12    Int: 16    God:
Gold:   115        SH:  0    Dex: 15    Spells: 6/9 levels left

rFire   . . .        v - +1 dagger (venom)
rCold   . . .        (no shield)
rNeg    . . .        a - +0 robe
rPois   .            (no helmet)
rElec   .            (no cloak)
rCorr   .            (no gloves)
SInv    .            k - +2 pair of boots
Will    .....        (no amulet)
Stlth   ++           c - ring of magical power
HPRegen 0.25/turn    g - ring of flight
MPRegen 0.15/turn

%: no passive effects
@: flying
A: claws 1, demonic magic 1
a: no special abilities


You were on level 3 of the Dungeon.
You visited 1 branch of the dungeon, and saw 4 of its levels.

You collected 115 gold pieces.

Inventory:

Hand Weapons
 v - a +1 dagger of venom (weapon)
Missiles
 l - a throwing net
Armour
 a - a +0 robe (worn)
 h - a +2 ring mail of cold resistance
 k - a +2 pair of boots (worn)
Jewellery
 c - a ring of magical power (left claw)
 g - a ring of flight (right claw)
 m - a ring of fire
Wands
 q - a wand of polymorph (5)
Scrolls
 b - 2 scrolls of identify {unknown}
 d - a scroll of enchant weapon {unknown}
 f - a scroll of fog {unknown}
 j - 2 scrolls of enchant armour {unknown}
 o - a scroll of amnesia {unknown}
 s - 2 scrolls of teleportation {unknown}
 t - a scroll of immolation {unknown}
Potions
 e - 2 potions of curing
 i - a potion of invisibility {unknown}
 p - 3 potions of mutation {unknown}
 r - a potion of berserk rage {unknown}
 u - a potion of brilliance {unknown}


   Skills:
 + Level 2.3 Dodging
 + Level 2.0 Stealth
 + Level 3.1 Spellcasting
 + Level 0.8 Transmutations
 + Level 3.5 Earth Magic


You had 6 spell levels left.
You knew the following spells:

 Your Spells              Type           Power      Damage    Failure   Level
a - Sandblast             Erth           26%        2d8       4%          1
b - Passwall              Tmut/Erth      7%         N/A       12%         2

Your spell library contained the following spells:

 Spells                   Type           Power      Damage    Failure   Level
 Stone Arrow              Conj/Erth      16%        3d8       26%         3
 Petrify                  Tmut/Erth      9%         N/A       58%         4
 Summon Forest            Summ/Tloc      1%         N/A       99%         5
 Eringya's Noxious Bog    Tmut/Pois      1%         N/A       100%        6
 Summon Hydra             Summ           1%         N/A       100%        7


Dungeon Overview and Level Annotations

Branches:
Dungeon (4/15)
 Temple: D:4-7

Altars:
Vehumet

Annotations:
D:3 Natasha


Innate Abilities, Weirdness & Mutations

You have sharp fingernails.
Spells you cast may paralyse adjacent enemies.


Message History

Natasha mumbles some strange words.
The cerulean imp hits you but does no damage.
The blast of sand hits the cerulean imp.
The cerulean imp is lightly wounded.
Malevolent energies surge around you. The adder barely misses you.
Natasha claws you. The cerulean imp barely misses you.
The adder closely misses you.
The cerulean imp hits you but does no damage.
Natasha claws you.
The cerulean imp hits you with a +0 spear.
Casting: Sandblast (safe; 4% risk of failure)
Confirm with . or Enter, or press ? or * to list all spells.
Aiming: Sandblast (safe; 4% risk of failure)
Press: ? - help, Shift-Dir - straight line, f - Natasha, p - cerulean imp
Aim: Natasha (severely wounded, 77% to hit)
The blast of sand hits Natasha.
Natasha is almost dead.
Malevolent energies surge around you.
The adder suddenly stops moving!
The cerulean imp is no longer paralysed.
The cerulean imp misses you.
The cerulean imp hits you with a +0 spear.
Natasha barely misses you. The cerulean imp closely misses you. x2
The cerulean imp hits you with a +0 spear.
The cerulean imp barely misses you.
The cerulean imp hits you from afar with a +1 spear.
Natasha completely misses you. The cerulean imp misses you.
The adder is no longer paralysed.
The cerulean imp hits you from afar with a +0 spear.
The cerulean imp misses you. Natasha attacks as you move away!
Natasha claws you!
* * * LOW HITPOINT WARNING * * *
The cerulean imp closely misses you.
It was a potion of curing.
You feel better. Natasha claws you.
The cerulean imp hits you from afar with a +0 spear.
* * * LOW HITPOINT WARNING * * *
Natasha attacks as you move away! Natasha claws you.
* * * LOW HITPOINT WARNING * * *
Natasha casts a spell at you. The magic dart hits you!
You die...

# #.##.##.#### ######
#.#...#.# #....† #.......#
##.#### #..
#.>.....#######...### #..
#....................
#..###.......#######...###
.. ..#......# ##.## #.
#.##(..#.# #.#
#.##5###@##.########.#
#.##.#<.l55h..............#
........#S###############.#
..##.##.S.# #.# #. ##..#
#.# #..# #.# #.># #.# ...#
#.# .#.# #.#


You could see Natasha, 2 cerulean imps, an adder and a frilled lizard.

Vanquished Creatures
  Natasha (D:3)
  2 adders (D:2)
  A dart slug (D:2)
  3 ball pythons
  4 bats
  2 endoplasms
  3 giant cockroaches
  3 goblins
  2 hobgoblins (D:1)
  7 jackals
  3 quokkas (D:1)
  2 frilled lizards
  4 kobolds
  4 rats (D:1)
41 creatures vanquished.

Notes
Turn   | Place    | Note
-------+----------+-------------------------------------------
     0 | D:1      | DemonSlayer the Demonspawn Earth Elementalist began the
                  | quest for the Orb.
     0 | D:1      | Reached XP level 1. HP: 13/13 MP: 3/3
   271 | D:1      | Gained mutation: You have sharp fingernails. [demonic
                  | ancestry]
   271 | D:1      | Reached XP level 2. HP: 19/19 MP: 1/5
   274 | D:1      | Learned a level 2 spell: Passwall
  1908 | D:2      | Gained mutation: Spells you cast may paralyse adjacent
                  | enemies. [demonic ancestry]
  1908 | D:2      | Reached XP level 3. HP: 24/24 MP: 6/6
  2522 | D:2      | You are sucked into a shaft and drop 2 floors!
  2542 | D:3      | Noticed Natasha
  2545 | D:3      | Killed Natasha
  2546 | D:3      | Reached XP level 4. HP: 30/30 MP: 8/8
  2619 | D:3      | Found a radiant altar of Vehumet.
  2720 | D:3      | Noticed Natasha
  2734 | D:3      | Killed from afar by Natasha

Illustrated notes

Levels and vault maps discovered:
D:1:      elethiomel_arrival_maze, layout_basic, due_unseen_surprise
D:2:      layout_loops_ring, basic_altar
D:3:      layout_loops_ring, vehumet_crystals,
          mainiacjoe_overflow_cross_hatched,
          hellmonk_ecumenical_altar_prayer_group, serial_shops, shop,
          nicolae_shop_tiny_waterfront, serial_bayou_lagoon_a, minmay_ruptured,
          uniq_natasha
D:4:      minmay_skewed_foursquare, layout_cave_pools,
          mainiacjoe_overflow_catch_the_wave

Skill      XL: |  1  2  3  4 |
---------------+-------------+-----
Earth Magic    | 3 |  3.5
Dodging        | 2 |  2.3
Spellcasting   | 3 |  3.1
Stealth        | 2 |  2.0
Transmutations | |  0.8

Action                     |  1- 3 |  4- 6 || total
---------------------------+-------+-------++-------
  Melee: Dagger            |    10 |     4 ||    14
   Cast: Sandblast         |    53 |    10 ||    63
         Passwall          |     2 |       ||     2
    Use: Potion            |     1 |     1 ||     2
   Stab: Sleeping          |     3 |     1 ||     4
         Paralysed         |     3 |     2 ||     5
 Armour: Robe              |    11 |     5 ||    16
  Dodge: Dodged            |    28 |    14 ||    42
